 Dungeon Crawl Stone Soup version 0.22.0-16-gc6d26f69f9 (webtiles) character file.

463 GordonOverkill the Chopper (level 6, -4/44 HPs)
             Began as a Mummy Warper on Aug 18, 2018.
             Slain by a crocodile (10 damage)
             ... on level 5 of the Dungeon.
             The game lasted 00:07:11 (4585 turns).

GordonOverkill the Chopper (Mummy Warper)           Turns: 4585, Time: 00:07:11

Health: -4/44      AC:  9    Str: 16    XL:     6   Next: 79%
Magic:  10/10      EV:  9    Int: 12    God:
Gold:   286        SH:  0    Dex: 12    Spells: 10/10 levels left

rFire    x . .     SeeInvis .   j - +2 hand axe (chop)
rCold    + . .     Gourm    .   (no shield)
rNeg     + + +     Faith    .   n - +0 scale mail
rPois    ∞         Spirit   .   (no helmet)
rElec    .         Reflect  .   i - +2 cloak
rCorr    .         Harm     .   (no gloves)
MR       .....                  (no boots)
Stlth    ..........             (no amulet)
HPRegen  0.14/turn              h - ring of wizardry
MPRegen  0.12/turn              (no ring)

@: no status effects
A: no food or potions, fire vulnerability, cold resistance 1, negative energy
resistance 3, torment resistance, unbreathing
a: no special abilities


You were on level 5 of the Dungeon.
You were not hungry.

You visited 1 branch of the dungeon, and saw 5 of its levels.

You collected 286 gold pieces.

Inventory:

Hand Weapons
 j - a +2 hand axe of chopping (weapon)
 p - a +0 flail of crushing
Missiles
 e - 5 tomahawks of dispersal (quivered)
Armour
 f - a +0 shield
 i - a +2 cloak (worn)
 n - a +0 scale mail (worn)
Jewellery
 h - a ring of wizardry (left hand)
Wands
 g - a wand of polymorph (8)
 k - a wand of paralysis (5)
Scrolls
 a - 3 scrolls of remove curse
 b - 3 scrolls of teleportation
 c - a scroll of identify
 d - a scroll of blinking
 l - a scroll of enchant weapon
 o - a scroll of amnesia


   Skills:
 - Level 2.0 Fighting
 + Level 5.8 Axes
 - Level 0.7 Throwing
 - Level 0.7 Armour
 - Level 1.5 Dodging
 - Level 2.6 Spellcasting
   Level 2.4 Translocations
 + Level 1.5 Evocations


You had 10 spell levels left.
You didn't know any spells.
Your spell library contained the following spells:

 Spells                   Type           Power        Failure   Level  Hunger
 Teleport Other           Tloc           #.......     38%         3    N/A
 Blink                    Tloc           N/A          21%         2    N/A
 Passage of Golubria      Tloc           N/A          77%         4    N/A
 Shroud of Golubria       Chrm/Tloc      #.........   32%         2    N/A
 Gell's Gravitas          Tloc           #.........   38%         3    N/A
 Lesser Beckoning         Tloc           #.........   38%         3    N/A

Dungeon Overview and Level Annotations

Branches:
Dungeon (5/15)
 Temple: D:4-7

Altars:
Cheibriados


Innate Abilities, Weirdness & Mutations

You do not eat or drink.
Your flesh is vulnerable to fire.
You are immune to poison.
Your flesh is cold resistant. (rC+)
You are immune to negative energy. (rN+++)
You are immune to unholy pain and torment.
You can survive without breathing.


Message History

The crocodile is heavily wounded.
The crocodile barely misses you.
You barely miss the crocodile.
The crocodile is heavily wounded.
The crocodile bites you.
You hit the crocodile but do no damage.
The crocodile is heavily wounded.
The crocodile bites you!
* * * LOW HITPOINT WARNING * * *
Evoke which item? (* to show all) (? for menu, Esc to quit)
Aiming: Paralyse
Press: ? - help, Shift-Dir - straight line, f - crocodile
Aim: a crocodile (heavily wounded, chance to defeat MR: 50%)
The crocodile resists with some effort.
The crocodile closely misses you.
Evoke which item? (* to show all) (? for menu, Esc to quit)
Aiming: Paralyse
Press: ? - help, Shift-Dir - straight line, f/p - crocodile
Aim: a crocodile (heavily wounded, chance to defeat MR: 50%)
The crocodile resists with some effort.
The crocodile bites you!
You die...

........# ........#
.....# ........# .....#
.......# #....#
.......#########>$..####
))......................
.##....##...............
.###+####...............
................@t......
.................)......
.......##.....####..##..
.......##.....########
.......#..............
.......#..............
......(#..............
.......###########....
.......# ###


You could see a crocodile.

Vanquished Creatures
  An ogre (D:4)
  A centaur (D:5)
  A crimson imp (D:5)
  An orc wizard (D:5)
  An orc priest (D:3)
  A worker ant (D:4)
  7 adders
  2 oozes
  2 worms
  3 dart slugs
  3 leopard geckos
  12 orcs
  3 giant cockroaches
  8 goblins
  13 hobgoblins
  2 jackals (D:2)
  A quokka (D:2)
  4 bats
  4 frilled lizards
  8 kobolds
  12 rats
90 creatures vanquished.

Notes
Turn   | Place    | Note
-------+----------+-------------------------------------------
     0 | D:1      | GordonOverkill the Mummy Warper began the quest for the Orb.
     0 | D:1      | Reached XP level 1. HP: 16/16 MP: 4/4
    50 | D:1      | Noticed an ogre
    50 | D:1      | Noticed an ogre
   490 | D:1      | Reached skill level 2 in Axes
   509 | D:1      | Noticed an ogre
   513 | D:1      | Noticed an ogre
   599 | D:1      | Reached XP level 2. HP: 20/22 MP: 5/5
  1562 | D:2      | Reached XP level 3. HP: 17/27 MP: 7/7
  1612 | D:2      | Reached skill level 3 in Axes
  1929 | D:3      | Found a snail-covered altar of Cheibriados.
  2065 | D:2      | Reached XP level 4. HP: 33/33 MP: 8/8
  2753 | D:2      | Reached skill level 4 in Axes
  3191 | D:3      | Reached XP level 5. HP: 30/38 MP: 9/9
  3857 | D:4      | Reached skill level 5 in Axes
  4129 | D:4      | Noticed an ogre
  4139 | D:4      | Killed an ogre
  4139 | D:4      | Reached XP level 6. HP: 44/44 MP: 10/10
  4362 | D:5      | Entered Level 5 of the Dungeon
  4554 | D:5      | Reached skill level 1 in Evocations
  4585 | D:5      | Slain by a crocodile

Skill      XL: |  1  2  3  4  5  6 |
---------------+-------------------+-----
Axes           | 2 3 4 5 |  5.8
Evocations     | 1 |  1.5
Fighting       | |  2.0
Throwing       | |  0.7
Armour         | |  0.7
Dodging        | |  1.5
Spellcasting   | |  2.6
Translocations | |  2.4

Action                   |  1- 3 |  4- 6 || total
-------------------------+-------+-------++-------
Melee: Hand axe          |   112 |   173 ||   285
Evoke: Wand              |       |     3 ||     3
  Use: Scroll            |     4 |     7 ||    11
 Stab: Paralysed         |       |     4 ||     4
Armor: Leather armour    |    29 |     8 ||    37
       Ring mail         |       |    35 ||    35
       Scale mail        |       |     9 ||     9
Dodge: Dodged            |    48 |   100 ||   148
